AoeStats
← Big Stysiu

Arena

509404011Analyzed
1v1 RM · 4d ago on Sep 26, 2026· 31m 38s· 2 players
Game mode
Random Map
Map size
Tiny (2 player)
Population
200
Speed
Normal
Resources
Standard
Victory
Conquest
Starting age
Dark Age
Ending age
Imperial Age
RankedLock teamsTeams togetherTeam positionsShared explorationLock speedFull tech treeHidden civsTurbo modeCheats
Victory
Defeat
🇵🇱 Turks · Poland
1026
+14
🇧🇷 Britons · Brazil
993
-14
Vineco
10:33 Feudal Age
13:01 Loom
15:30 Castle Age
13:21 Loom
13:38 Horse Collar
15:22 Double-Bit Axe
15:59 Light Cavalry
20:26 Fervor
22:05 Heavy Plow
23:00 Bow Saw
24:19 Fletching
25:25 Wheelbarrow
29:17 Imperial Age
27:21 Padded Archer Armor
27:38 Scale Barding Armor
27:10 Elite Skirmisher
28:20 Forging
29:12 Chain Barding Armor
30:13 Iron Casting
29:36 Loom
29:56 Bodkin Arrow
31:03 Ballistics
31:44 Chemistry
32:23 Plate Barding Armor
32:23 Iron Casting
Big Stysiu
11:41 Feudal Age
13:06 Loom
15:48 Castle Age
14:21 Double-Bit Axe
22:30 Imperial Age
19:51 Horse Collar
20:31 Gold Mining
21:03 Town Watch
Connection lost

Rejoining the realm…

Still unreachable

The connection could not be restored.

Session expired

The server has moved on; the page needs a fresh start.